 Dungeon Crawl Stone Soup version 0.32-a0-711-g016ad743e0 (webtiles) character file.

Game seed: 546569088079694611

95 ezpacito the Chopper (level 4, -1/35 HPs)
             Began as a Coglin Chaos Knight on Mar 16, 2024.
             Was a Plaything of Xom.
             Slain by a gnoll
             ... wielding a +0 flail
              (6 damage)
             ... on level 2 of the Dungeon.
             The game lasted 00:01:33 (1308 turns).

ezpacito the Chopper (Coglin Chaos Knight)          Turns: 1308, Time: 00:01:34

Health: -1/35      AC: 13    Str: 14    XL:     4   Next: 66%
Magic:  4/4        EV: 10    Int: 12    God:    Xom [..*...]
Gold:   16         SH:  0    Dex: 13    Spells: 4/4 levels left

rFire   . . .        a - +0 hand axe (chaos) {Diego}
rCold   . . .        m - +0 dagger (protect) {Feng}
rNeg    . . .        b - +2 leather armour
rPois   .            (no helmet)
rElec   .            h - +0 cloak
rCorr   .            (no gloves)
SInv    .            (no boots)
Will    .....        (amulet unavailable)
Stlth   +            (ring unavailable)
HPRegen 0.25/turn    (ring unavailable)
MPRegen 0.09/turn    (no gizmo)

%: no passive effects
@: under a protective aura, revving
A: off-hand wielding, slow wielding, warmup strikes, no jewellery
a: Invent Gizmo, Renounce Religion


You were on level 2 of the Dungeon.
You worshipped Xom.
You were a toy of Xom.
You visited 1 branch of the dungeon, and saw 2 of its levels.

You collected 96 gold pieces.
You spent 80 gold pieces at shops.

Inventory:

Hand Weapons
 a - a +0 hand axe of chaos (weapon) {Diego}
 e - a +0 spear
 m - a +0 dagger of protection (offhand) {Feng}
Missiles
 j - 12 poisoned darts (quivered)
Armour
 b - a +2 leather armour (worn)
 h - a +0 cloak (worn)
Scrolls
 c - a scroll of butterflies
 d - a scroll of identify {unknown}
 f - a scroll of fog {unknown}
 g - a scroll of brand weapon {unknown}
 k - a scroll of enchant weapon {unknown}
 l - 3 scrolls of teleportation {unknown}
Potions
 i - 2 potions of berserk rage {unknown}
 o - a potion of brilliance
 q - 2 potions of curing


   Skills:
 * Level 3.4 Fighting
 * Level 3.4(3.6) Axes
 + Level 1.1(2.3) Polearms
 * Level 2.3 Armour
 * Level 1.8 Dodging
 + Level 0.5 Stealth
 + Level 0.5 Spellcasting


You had 4 spell levels left.
You didn't know any spells.
Your spell library contained the following spells:

 Spells                   Type           Power      Damage    Failure   Level
 Freeze                   Ice            0%         1d3       36%         1
 Frozen Ramparts          Ice            0%         1d1       75%         3
 Hailstorm                Conj/Ice       0%         3d5       75%         3
 Vhi's Electric Charge    Tloc/Air       0%         N/A       98%         4
 Arcjolt                  Conj/Air       0%         1d10      100%        5
 Plasma Beam              Fire/Air       0%         2x1d10    100%        6


Dungeon Overview and Level Annotations

Branches:
Dungeon (2/15)

Altars:

Shops:
D:2 !


Innate Abilities, Weirdness & Mutations

You can wield a second weapon in your off-hand.
It takes a long time for you to wield or remove held weapons.
Your first few attacks do less damage.
You cannot equip rings or amulets.


Message History

The throwing net hits you.
You become entangled in the net!
The gnoll hits you with a +0 whip.
You take 1 damage, and have 30/35 hp.
You struggle against the net.
The gnoll barely misses you. The gnoll hits you with a +0 whip.
You take 1 damage, and have 29/35 hp.
You struggle against the net.
The gnoll hits you with a +0 spear. The gnoll hits you with a +0 flail.
The gnoll barely misses you.
You take 5 damage, and have 24/35 hp.
You are too injured to fight recklessly!
You struggle against the net.
The gnoll hits you but does no damage. The gnoll hits you with a +0 flail.
The gnoll barely misses you.
You take 2 damage, and have 22/35 hp.
You struggle against the net.
The gnoll barely misses you. The gnoll hits you with a +0 flail.
The gnoll barely misses you.
You take 1 damage, and have 21/35 hp.
You shred the net and break free!
Xom's power touches on a nearby monster.
The gnoll seems to slow down.
The gnoll is no longer moving slowly.
The gnoll hits you with a +0 flail. The gnoll hits you with a +0 whip.
The gnoll hits you but does no damage.
You take 7 damage, and have 14/35 hp.
You barely miss the gnoll with your +0 hand axe of chaos. x2
You hit the gnoll with your +0 hand axe of chaos.
Lightning courses through the gnoll!
You kill the gnoll!
You hit the gnoll with your +0 dagger of protection.
Your weapon exudes an aura of protection.
The gnoll hits you with a +0 whip. The gnoll hits you with a +0 flail.
* * * LOW HITPOINT WARNING * * *
You take 7 damage, and have 7/35 hp.
You hit the gnoll with your +0 hand axe of chaos.
The gnoll is severely wounded.
You hit the gnoll with your +0 hand axe of chaos.
You freeze the gnoll.
You completely miss the gnoll with your +0 dagger of protection.
The gnoll hits you with a +0 whip.
* * * LOW HITPOINT WARNING * * *
The gnoll hits you with a +0 flail.
You die...

#### #####!....
###...#.....
#...........
#####....g......
#.......@g......
#.###...)...####
#.# #.#...#.#
#.# #.......##
##.# ##.......#
#..# #.......#
#.## #.......#
#.# #.......#
###.### #)#
#....)..#
<.....#


You could see 2 gnolls.

Vanquished Creatures
  4 gnolls (D:2)
  An adder (D:2)
  A ribbon worm (D:2)
  A dart slug (D:1)
  2 bats (D:1)
  3 endoplasms
  3 giant cockroaches
  5 goblins
  7 hobgoblins
  4 jackals (D:1)
  2 ball pythons (D:1)
  3 frilled lizards
  3 kobolds
  3 rats
42 creatures vanquished.

Notes
Turn   | Place    | Note
-------+----------+-------------------------------------------
     0 | D:1      | ezpacito the Coglin Chaos Knight began the quest for the
                  | Orb.
     0 | D:1      | Reached XP level 1. HP: 18/18 MP: 1/1
    94 | D:1      | Reached skill level 1 in Dodging
   185 | D:1      | Reached XP level 2. HP: 24/24 MP: 2/2
   201 | D:1      | XOM: silly message
   359 | D:1      | You fall into a shaft and drop 1 floor!
   376 | D:2      | Reached XP level 3. HP: 29/29 MP: 3/3
   969 | D:1      | Found a faded altar of an unknown god.
  1075 | D:2      | XOM: potion effect (brilliance)
  1078 | D:2      | Reached skill level 1 in Polearms
  1078 | D:2      | Reached XP level 4. HP: 35/35 MP: 4/4
  1181 | D:2      | Found Pemev's Distillery.
  1210 | D:2      | Bought a potion of degeneration for 10 gold pieces
  1210 | D:2      | Bought a potion of brilliance for 40 gold pieces
  1210 | D:2      | Bought a potion of curing for 30 gold pieces
  1306 | D:2      | XOM: enchant monster (good)
  1308 | D:2      | Slain by a gnoll

Illustrated notes

Levels and vault maps discovered:
D:1:      ebering_trefoil_twist, layout_basic,
          dilly_ecumenical_altar_fadedgnrine
D:2:      layout_loops_cross, serial_shops, nicolae_shop_tiny_waterfront

Skill      XL: |  1  2  3 |
---------------+----------+-----
Dodging        | 1 |  1.8
Armour         | 2 |  2.3
Polearms       | 1 |  1.1
Fighting       | |  3.4
Axes           | |  3.4
Stealth        | |  0.5
Spellcasting   | |  0.5

Action                     |  1- 3 |  4- 6 || total
---------------------------+-------+-------++-------
  Melee: Hand axe          |    75 |    21 ||    96
         Dagger            |    71 |    20 ||    91
 Armour: Leather armour    |    46 |    29 ||    75
  Dodge: Dodged            |    55 |    15 ||    70

Table legend: (Time is in decaauts)
 A = Elapsed time spent in this place.
 B = Non-inter-level travel time spent in this place.
 C = Inter-level travel time spent in this place.
 D = Time resting spent in this place.
 E = Time spent auto-exploring this place.
 F = Levels seen in this place.
 G = Mean time per level.
                   A        B        C        D        E       F      G
               +--------+--------+--------+--------+--------+-----+--------+
         Total |   1315 |   1190 |    125 |      0 |    920 |   2 |  657.5 |
       Dungeon |   1315 |   1190 |    125 |      0 |    920 |   2 |  657.5 |
               +--------+--------+--------+--------+--------+-----+--------+

Top non-repeatable levels by time:
     D:1: 964 daAuts
     D:2: 351 daAuts
